 Dungeon Crawl Stone Soup version 0.18.1-8-gdd0e5ea (webtiles) character file.

31639 MirrMurr the Unseen (level 13, -4/67 HPs)
             Began as a Spriggan Enchanter on June 12, 2016.
             Was a Priest of Ashenzari.
             Slain by a killer bee (9 damage)
             ... on level 6 of the Lair of Beasts.
             The game lasted 00:49:40 (18469 turns).

MirrMurr the Unseen (Spriggan Enchanter)           Turns: 18469, Time: 00:49:40

Health: -4/67      AC: 14    Str:  7    XL:     13   Next: 27%
Magic:  21/29      EV: 27    Int: 18    God:    Ashenzari [***...]
Gold:   879        SH:  0    Dex: 17    Spells: 6 memorised, 19 levels left

rFire  + . .     SeeInvis +     a - +4 dagger (protect) (curse)
rCold  . . .     Gourm    .     M - +2 robe {rF+}
rNeg   . . .     Faith    .     (shield restricted)
rPois  +         Spirit   .     s - +2 hat
rElec  .         Dismiss  .     o - +2 cloak {rPois} (curse)
rCorr  .         Reflect  .     (gloves unavailable)
SustAt .         Harm     .     (boots unavailable)
MR     ++...                    (no amulet)
Stlth  +++++++...               (no ring)
                                (no ring)

@: lethally poisoned (-4 -> -6), very quick, very resistant to hostile
enchantments, extremely stealthy
A: unfitting armour, see invisible, herbivore 3, speed 3, sense surroundings 1,
slow metabolism 2
a: Curse Item, Scrying, Renounce Religion


You were on level 6 of the Lair of Beasts.
You worshipped Ashenzari.
Ashenzari was most pleased with you.
You were not hungry.

You visited 3 branches of the dungeon, and saw 16 of its levels.
You also visited: Labyrinth, Ice Cave and Volcano.

You collected 879 gold pieces.

Inventory:

Hand Weapons
 a - a cursed +4 dagger of protection (weapon)
Missiles
 h - 397 stones (quivered)
 w - 2 throwing nets
 y - 9 tomahawks
Armour
 o - a cursed +2 cloak of poison resistance (worn)
 s - a +2 hat (worn)
 M - a +2 robe of fire resistance (worn)
Wands
 m - a wand of lightning (6/15)
 t - a wand of lightning (11/15)
 u - a wand of random effects (27/48)
 A - a wand of flame (8/48)
 G - a wand of paralysis (8/24)
 L - a wand of disintegration (10/24)
Scrolls
 f - 2 scrolls of teleportation
 l - 3 scrolls of fear
 r - 4 scrolls of remove curse
 x - 2 scrolls of magic mapping
 D - 7 scrolls of enchant armour
 F - a scroll of enchant weapon
 H - a scroll of recharging
Potions
 e - 5 potions of curing
 g - 3 potions of agility
 j - a potion of might
 k - 3 potions of ambrosia
 n - a potion of haste
 p - 2 potions of heal wounds
 v - 3 potions of flight
 z - 6 potions of brilliance
 E - a potion of magic
Books
 b - a book of Misfortune

   Spells                             Type                      Level
   a - Confusing Touch                Hexes                        2
   b - Confuse                        Hexes                        3
   c - Gell's Gravitas                Hexes/Translocation          3
   d - Petrify                        Transmutation/Earth          4
   e - Metabolic Englaciation         Hexes/Ice                    5
   f - Yara's Violent Unravelling     Hexes/Transmutation          5
 c - a book of Maledictions

   Spells                             Type                      Level
   a - Corona                         Hexes                        1
   b - Ensorcelled Hibernation        Hexes/Ice                    2
   c - Confuse                        Hexes                        3
   d - Tukima's Dance                 Hexes                        3
   e - Dazzling Spray                 Conjuration/Hexes            3
 B - the Tome of Companions
   (You found it on level 5 of the Lair of Beasts)

   Spells                             Type                      Level
   a - Call Imp                       Summoning                    2
   b - Summon Lightning Spire         Summoning/Air                4
   c - Summon Demon                   Summoning                    5
   d - Dragon's Call                  Summoning                    9
 C - the Compendium of the Virous Rocks
   (You found it on level 5 of the Dungeon)

   Spells                             Type                      Level
   a - Sting                          Conjuration/Poison           1
   b - Mephitic Cloud                 Conjuration/Poison/Air       3
   c - Spider Form                    Transmutation/Poison         3
   d - Lee's Rapid Deconstruction     Earth                        5
   e - Iron Shot                      Conjuration/Earth            6
 I - a book of Frost

   Spells                             Type                      Level
   a - Freeze                         Ice                          1
   b - Throw Frost                    Conjuration/Ice              2
   c - Ozocubu's Armour               Charms/Ice                   3
   d - Throw Icicle                   Conjuration/Ice              4
   e - Summon Ice Beast               Ice/Summoning                4
Miscellaneous
 J - a phantom mirror
 K - a phial of floods
Comestibles
 d - 4 bread rations
 i - 10 fruits
 q - 3 royal jellies


   Skills:
 * Level 7.2 Fighting
 + Level 9.6(12.3) Short Blades
 + Level 11.7 Dodging
 + Level 15.1 Stealth
 + Level 11.4 Spellcasting
 + Level 12.5 Hexes
 + Level 6.1 Evocations


You had 19 spell levels left.
You knew the following spells:

 Your Spells              Type           Power        Failure   Level  Hunger
a - Ensorcelled Hibernat  Hex/Ice        ####..       1%          2    None
b - Confuse               Hex            ######..     1%          3    None
c - Corona                Hex            ######.      1%          1    None
d - Dazzling Spray        Conj/Hex       ####....     1%          3    None
m - Mephitic Cloud        Conj/Pois/Air  ##......     24%         3    None
o - Ozocubu's Armour      Chrm/Ice       ##......     24%         3    None


Dungeon Overview and Level Annotations

Branches:
Dungeon (8/15)             Temple (1/1) D:7            Lair (7/8) D:8
  Swamp (0/4) Lair:4       Spider (0/4) Lair:3
  Slime: Lair:6-8

Altars:
Ashenzari
Cheibriados
Dithmenos
Elyvilon
Fedhas
Gozag
Kikubaaqudgha
Makhleb
Nemelex Xobeh
Okawaru
Pakellas
Qazlal
Ru
Sif Muna
Trog
Vehumet
Xom
Yredelemnul
Zin
The Shining One

Shops:
D:4 *   D:5 (


Innate Abilities, Weirdness & Mutations

You are tiny and cannot use many weapons and most armour.
You have supernaturally acute eyesight.
You are a herbivore.
You cover ground extremely quickly.
You need consume almost no food.
You passively map a small area around you.


Message History

Cornered, the killer bee turns to fight!
You feel sick. The killer bee completely misses you.
There is a stone staircase leading up here.
The killer bee closely misses you. x2
The killer bee stings you but does no damage. x2
You climb upwards.
You feel sick.
There is a stone staircase leading down here.
Casting: Ensorcelled Hibernation
Confirm with . or Enter, or press ? or * to list all spells.
Aiming: Ensorcelled Hibernation
Press: ? - help, Shift-Dir - straight line, f - killer bee
Aim: a killer bee (chance to defeat MR: 69%)
The killer bee looks drowsy...
The killer bee completely misses you. The killer bee misses you.
You are too injured to fight recklessly!
The helpless killer bee fails to defend itself.
You perforate the killer bee like a sieve!!!!!
You kill the killer bee!
The killer bee stings you!
You die...

# ### ### ####.###.#############
### ####
##.P.P.#...##..#..#..#####.###.PP
....PP...........................
....PP...P.##..#..#.......#.#.##.
.....P....###.##P........###.....
......#P....P.#.†y.P..<.#........
....P##...#P....@.#..............
......#..##.P....#......P........
.........###.....###............P
.....##P..##P.P.#.##.....#......P
.#P..##....###..#.........†......
####.##....##..+.#.......##...P.#
#.....#.................P#..#....
.................................
.................................


You could see a killer bee.

Vanquished Creatures
  Rupert (Lair:6)
  A minotaur (Lab)
  7 hydras
  A fire crab (Lair:7)
  10 black mambas
  5 elephants
  9 spiny frogs
  A rime drake (Lair:4)
  5 komodo dragons
  7 blink frogs
  A polar bear (Lair:5)
  5 yaks
  4 redbacks (Lair:3)
  A wyvern (Lair:5)
  2 basilisks
  5 fire bats
  A hungry ghost (D:7)
  5 hippogriffs
  Menkaure (D:6)
  4 insubstantial wisps (Lair:4)
  A mottled dragon (Volcano)
  17 water moccasins
  A hell hound (Volcano)
  9 porcupines
  3 black bears
  An orc warrior (D:8)
  2 sky beasts
  A phantom (D:5)
  A wasp (D:8)
  2 ogres (D:7)
  7 wolves
  3 centaurs
  15 crocodiles
  4 big kobolds
  14 giant frogs
  3 scorpions
  3 wights (D:8)
  4 killer bees
  The ghost of tscho the Insei, a weakling MfTm (D:3)
  A howler monkey (D:4)
  An electric eel (Lair:6)
  3 crimson imps
  4 hounds
  A centaur skeleton (D:6)
  A gnoll shaman (D:4)
  2 orc priests
  Crazy Yiuf (D:2)
  2 jellies (D:7)
  A giant frog skeleton (D:6)
  3 iguanas
  7 orc wizards
  Terence (D:3)
  12 worker ants
  A killer bee zombie (D:5)
  A sheep (D:8)
  3 hound skeletons
  A worker ant zombie (D:8)
  6 gnolls
  4 adders
  38 river rats
  A shadow imp (D:6)
  6 white imps (IceCv)
  7 ufetubi (IceCv)
  3 worms (D:2)
  2 dart slugs (D:1)
  2 giant geckos (D:4)
  17 orcs
  15 bats
  8 giant cockroaches
  10 goblins
  6 hobgoblins
  14 jackals
  27 kobolds
  4 quokkas
  A giant cockroach zombie (D:4)
  2 giant gecko skeletons (D:4)
  9 giant newts
  A quokka skeleton (D:4)
  2 quokka zombies
  4 rats
403 creatures vanquished.

Vanquished Creatures (collateral kills)
  A gnoll (D:2)
1 creature vanquished.

Vanquished Creatures (others)
  A white imp (IceCv)
  2 ufetubi (IceCv)
  A giant gecko (D:6)
  8 fungi
  6 plants
18 creatures vanquished.

Grand Total: 422 creatures vanquished

Notes
Turn   | Place    | Note
--------------------------------------------------------------
     0 | D:1      | MirrMurr the Spriggan Enchanter began the quest for the Orb.
     0 | D:1      | Reached XP level 1. HP: 9/9 MP: 5/5
   210 | D:1      | Reached skill level 5 in Stealth
   251 | D:1      | Reached XP level 2. HP: 13/13 MP: 6/6
   257 | D:1      | Learned a level 2 spell: Ensorcelled Hibernation
   696 | D:1      | Reached skill level 6 in Stealth
   704 | D:1      | Reached XP level 3. HP: 8/16 MP: 3/8
  1086 | D:1      | Learned a level 3 spell: Confuse
  1906 | D:2      | Reached XP level 4. HP: 21/21 MP: 6/10
  1911 | D:2      | Learned a level 3 spell: Dazzling Spray
  2065 | D:2      | Reached skill level 7 in Stealth
  2409 | D:2      | You fall through a shaft for 2 floors!
  2440 | D:4      | Found Biegixebas's Assorted Antiques.
  2594 | D:3      | Reached XP level 5. HP: 11/24 MP: 7/12
  2767 | D:3      | Found a faded altar to an unknown god.
  2782 | D:3      | Noticed tscho's ghost (weakling MfTm)
  2902 | D:2      | Found an oddly glowing altar of Pakellas.
  2902 | D:2      | Found a white marble altar of Elyvilon.
  2968 | D:2      | Noticed Crazy Yiuf
  2976 | D:2      | Killed Crazy Yiuf
  2976 | D:2      | Reached skill level 8 in Stealth
  3162 | D:2      | Found a burning altar of Makhleb.
  3483 | D:3      | Noticed Terence
  3493 | D:3      | Killed Terence
  3699 | D:3      | Killed tscho's ghost
  3699 | D:3      | Reached XP level 6. HP: 28/28 MP: 6/13
  3859 | D:3      | Found a sparkling altar of Nemelex Xobeh.
  4245 | D:4      | Reached skill level 9 in Stealth
  4685 | D:5      | Entered Level 5 of the Dungeon
  4753 | D:4      | Reached skill level 5 in Hexes
  4756 | D:4      | Reached skill level 5 in Spellcasting
  4762 | D:4      | Reached XP level 7. HP: 31/32 MP: 4/15
  5833 | D:5      | Reached skill level 10 in Stealth
  5869 | D:5      | Found a blossoming altar of Fedhas.
  6078 | D:5      | Found Ziwuuwn's Antique Weapon Emporium.
  6583 | D:5      | Reached XP level 8. HP: 31/36 MP: 10/17
  6628 | D:5      | Identified the Compendium of the Virous Rocks
  6935 | D:6      | Noticed Menkaure
  6947 | D:6      | Killed Menkaure
  6958 | D:6      | Reached skill level 5 in Dodging
  7025 | D:6      | Reached skill level 1 in Fighting
  7189 | D:6      | Reached skill level 11 in Stealth
  7219 | D:6      | Found a white marble altar of Elyvilon.
  7819 | D:7      | Reached XP level 9. HP: 32/42 MP: 16/19
  7901 | D:7      | Found a staircase to the Ecumenical Temple.
  7925 | Temple   | Entered the Ecumenical Temple
  7960 | Temple   | Became a worshipper of Ashenzari the Shackled
  8830 | D:7      | Reached skill level 5 in Short Blades
  9319 | D:8      | Found a staircase to the Lair.
  9319 | D:8      | Noticed an elephant
  9325 | D:8      | Killed an elephant
  9325 | D:8      | Reached skill level 12 in Stealth
  9366 | D:8      | Reached XP level 10. HP: 38/49 MP: 17/22
  9690 | D:8      | Reached * piety under Ashenzari
  9769 | Lair:1   | Entered Level 1 of the Lair of Beasts
  9778 | Lair:1   | Found a labyrinth entrance.
  9787 | Lab      | Entered a labyrinth
 10531 | Lab      | Noticed a minotaur
 10537 | Lab      | Killed a minotaur
 10558 | Lair:1   | Learned a level 3 spell: Mephitic Cloud
 10562 | Lair:1   | Learned a level 3 spell: Ozocubu's Armour
 10650 | Lair:1   | Noticed a spiny frog
 10659 | Lair:1   | Killed a spiny frog
 10787 | Lair:1   | Reached skill level 10 in Hexes
 11096 | Lair:1   | Noticed a spiny frog
 11099 | Lair:1   | Noticed a spiny frog
 11124 | Lair:1   | Killed a spiny frog
 11226 | Lair:1   | Killed a spiny frog
 11550 | Lair:2   | Reached skill level 13 in Stealth
 11627 | Lair:2   | Noticed a spiny frog
 11630 | Lair:2   | Noticed a four-headed hydra
 11634 | Lair:2   | Killed a spiny frog
 11634 | Lair:2   | Reached XP level 11. HP: 53/54 MP: 17/24
 11639 | Lair:2   | Killed a four-headed hydra
 11649 | Lair:2   | Found a dark tunnel.
 11671 | Volcano  | Entered a volcano
 12501 | Lair:2   | Reached ** piety under Ashenzari
 12784 | Lair:2   | Reached skill level 5 in Fighting
 12833 | Lair:2   | Reached skill level 10 in Dodging
 13418 | Lair:3   | Reached skill level 1 in Evocations
 13542 | Lair:3   | Reached skill level 10 in Spellcasting
 13723 | Lair:3   | Found a hole to the Spider Nest.
 13731 | Lair:3   | Reached XP level 12. HP: 60/60 MP: 22/27
 13947 | Lair:3   | Reached skill level 14 in Stealth
 14568 | Lair:4   | Found a staircase to the Swamp.
 14589 | Lair:4   | Noticed a six-headed hydra
 14653 | Lair:4   | Killed a six-headed hydra
 16234 | Lair:5   | Reached *** piety under Ashenzari
 16261 | Lair:5   | Identified the Tome of Companions
 16364 | Lair:5   | Noticed a five-headed hydra
 16372 | Lair:5   | Killed a five-headed hydra
 16526 | Lair:6   | Noticed a five-headed hydra
 16531 | Lair:6   | Killed a five-headed hydra
 16671 | Lair:6   | Noticed a six-headed hydra
 16673 | Lair:6   | Killed a six-headed hydra
 16712 | Lair:6   | Noticed Rupert
 16768 | Lair:6   | Noticed a five-headed hydra
 16775 | Lair:6   | Killed a five-headed hydra
 16775 | Lair:6   | Reached skill level 5 in Evocations
 16799 | Lair:6   | Paralysed by Rupert for 2 turns
 16806 | Lair:6   | Noticed a four-headed hydra
 16844 | Lair:6   | Killed Rupert
 16844 | Lair:6   | Reached XP level 13. HP: 61/66 MP: 15/29
 17230 | Lair:6   | Reached skill level 15 in Stealth
 17742 | Lair:6   | Gained mutation: You passively map a small area around you. [potion of beneficial mutation]
 17865 | Lair:7   | Found a frozen archway.
 17893 | IceCv    | Entered an ice cave
 18469 | Lair:6   | Slain by a killer bee

Skill      XL: |  1  2  3  4  5  6  7  8  9 10 11 12 13 |
---------------+----------------------------------------+-----
Stealth        | 5 6 7 8 9 10 11 12 13 14 15 | 15.1
Spellcasting   | 3 4 5 6 7 8 10 11 | 11.4
Hexes          | 4 5 7 9 10 11 12 | 12.5
Short Blades   | 2 3 4 5 6 8 9 |  9.6
Dodging        | 4 6 7 9 10 11 | 11.7
Fighting       | 2 3 4 5 6 7 |  7.2
Evocations     | 2 5 6 |  6.1

Action                   |  1- 3 |  4- 6 |  7- 9 | 10-12 | 13-15 || total
-------------------------+-------+-------+-------+-------+-------++-------
Melee: Dagger            |   130 |   188 |   363 |   319 |   100 ||  1100
 Cast: Ensorcelled Hiber |     9 |    47 |    56 |   159 |    34 ||   305
       Corona            |     1 |     1 |       |       |       ||     2
       Confuse           |       |    13 |    19 |    23 |    25 ||    80
       Dazzling Spray    |       |     1 |     6 |    24 |     5 ||    36
       Ozocubu's Armour  |       |       |       |       |     1 ||     1
Invok: Curse Item        |       |       |       |     2 |       ||     2
Evoke: Wand              |       |       |       |     2 |       ||     2
  Use: Scroll            |     4 |     5 |     7 |    10 |     3 ||    29
       Potion            |       |       |     1 |     2 |     2 ||     5
 Stab: Sleeping          |    12 |    33 |    61 |   130 |    22 ||   258
       Confused          |       |     1 |    11 |     8 |    13 ||    33
       Distracted        |       |       |     1 |       |     1 ||     2
       Invisible         |       |       |     1 |     4 |     2 ||     7
  Eat: Bread ration      |       |     1 |     1 |     1 |       ||     3
       Royal jelly       |       |       |     1 |     1 |       ||     2
       Fruit             |       |       |     1 |       |       ||     1
Armor: Robe              |    19 |    35 |    95 |    53 |    15 ||   217
Dodge: Dodged            |   129 |   130 |   387 |   317 |   168 ||  1131
